 Dungeon Crawl Stone Soup version 0.22.0-6-g71bd7aa (webtiles) character file.

18 Amnesiac the Gusty (level 2, -2/19 HPs)
             Began as a Mummy Air Elementalist on Aug 15, 2018.
             Shot with an arrow by a centaur (7 damage)
             ... on level 6 of the Dungeon.
             The game lasted 00:02:33 (727 turns).

Amnesiac the Gusty (Mummy Air Elementalist)          Turns: 727, Time: 00:02:34

Health: -2/19      AC:  2    Str: 11    XL:     2   Next: 51%
Magic:  5/5        EV: 12    Int: 14    God:
Gold:   27         SH:  0    Dex: 12    Spells: 5/6 levels left

rFire    x . .     SeeInvis .   (no weapon)
rCold    + . .     Gourm    .   (no shield)
rNeg     + + +     Faith    .   a - +0 robe
rPois    ∞         Spirit   .   (no helmet)
rElec    .         Reflect  .   (no cloak)
rCorr    .         Harm     .   (no gloves)
MR       .....                  (no boots)
Stlth    ++........             c - amulet of inaccuracy (curse)
HPRegen  0.06/turn              (no ring)
MPRegen  0.09/turn              (no ring)

@: no status effects
A: no food or potions, fire vulnerability, cold resistance 1, negative energy
resistance 3, torment resistance, unbreathing
a: no special abilities


You were on level 6 of the Dungeon.
You were not hungry.

You visited 1 branch of the dungeon, and saw 5 of its levels.

You collected 27 gold pieces.

Inventory:

Armour
 a - a +0 robe (worn)
Jewellery
 c - a cursed amulet of inaccuracy (around neck)


   Skills:
 - Level 1.5 Dodging
 - Level 1.5 Stealth
 - Level 2.6 Spellcasting
 + Level 1.8 Conjurations
 - Level 2.7 Air Magic


You had 5 spell levels left.
You knew the following spells:

 Your Spells              Type           Power        Failure   Level  Hunger
a - Shock                 Conj/Air       #...         9%          1    N/A

Your spell library contained the following spells:

 Spells                   Type           Power        Failure   Level  Hunger
 Lightning Bolt           Conj/Air       #.........   94%         5    N/A
 Swiftness                Chrm/Air       #.......     19%         2    N/A
 Airstrike                Air            #.........   58%         4    N/A
 Static Discharge         Conj/Air       #.......     26%         3    N/A

Dungeon Overview and Level Annotations

Branches:
Dungeon (4/15)
 Temple: D:4-7

Altars:

Annotations:
D:2 Sigmund
D:4 Pikel


Innate Abilities, Weirdness & Mutations

You do not eat or drink.
Your flesh is vulnerable to fire.
You are immune to poison.
Your flesh is cold resistant. (rC+)
You are immune to negative energy. (rN+++)
You are immune to unholy pain and torment.
You can survive without breathing.


Message History

Aim: a worm The zap hits the worm.
The worm is lightly wounded.
The zap hits the worm.
The worm is lightly wounded.
Unknown command.
Casting: Shock (safe; 9% risk of failure)
Confirm with . or Enter, or press ? or * to list all spells.
Aiming: Shock (safe; 9% risk of failure)
Press: ? - help, Shift-Dir - straight line, f/p - worm
Aim: a worm (lightly wounded)
The zap misses the worm.
The zap hits the worm.
The worm is moderately wounded.
The worm bites you!
* * * LOW HITPOINT WARNING * * *
Unknown command.
Casting: Shock (safe; 9% risk of failure)
Confirm with . or Enter, or press ? or * to list all spells.
Aiming: Shock (safe; 9% risk of failure)
Press: ? - help, Shift-Dir - straight line, f/p - worm
Aim: a worm (lightly wounded)
The zap misses the worm.
The zap hits the worm.
The worm is moderately wounded.
Casting: Shock (safe; 9% risk of failure)
Confirm with . or Enter, or press ? or * to list all spells.
You don't have enough magic to cast that spell.
Casting: Shock (safe; 9% risk of failure)
Confirm with . or Enter, or press ? or * to list all spells.
You don't have enough magic to cast that spell.
There is an escape hatch in the floor here.
You slide downwards.
The hatch slams shut behind you. 4 slaves and Pikel come into view.
Pikel is wielding a whip of flaming.
Pikel shouts!
The slave shouts! x2
Found 43 gold pieces and a ring mail.
Found an escape hatch in the floor.
Found a stone staircase leading up.
Found a stone staircase leading up.
There is a stone staircase leading up here.
The slave hits you.
* * * LOW HITPOINT WARNING * * *
You climb upwards.
You found a shaft!
There is a stone staircase leading down here.
There is a shaft here.
You fall through a shaft for 3 floors!
The shaft crumbles and collapses.
An ooze comes into view.
Unknown command.
Unknown command.
Found a stone staircase leading down.
A black bear comes into view.
Really read
b - a scroll labeled KUASCH PAQORGH {!r}?
As you read the scroll labeled KUASCH PAQORGH {!r}, it crumbles to dust.
You feel aware of your surroundings.
It was a scroll of magic mapping {!r}.
The black bear growls angrily.
The ooze quivers.
Casting: Shock (safe; 9% risk of failure)
Confirm with . or Enter, or press ? or * to list all spells.
Okay, then.
Found an escape hatch in the ceiling.
A centaur and an ogre come into view.
The ogre moves out of view.
Found 13 gold pieces.
The centaur shouts!
The centaur wields a shortbow.
The centaur shoots an arrow.
The arrow hits you!
You die...

## **** .######################
*,,, ....##................# *,,,
..#.##.######.........# *,,,
....##.# #.J.......# *,,,
.#..##J# ####.........# *,,,
.#J.##.# #......h.....##** *,,,
J#..##.# #.....#........,* ***,
.#..##.# #.....#@.######*******,,
.#.....# ####.......O...,,,,,,,,,
...#######......<...$...,,,,,,,,,
.........#.#####..######*******,,
.#.#####.#>........,,,,,,,,,,,,,,
##.........#**,#..##***********,,
#######.### *,#c.# *,, #.# *,...#
*,, #.#######,,********** *,,


You could see a black bear, an ogre, a centaur and an ooze.

Vanquished Creatures
  3 orcs (D:3)
  A goblin (D:3)
  3 hobgoblins
  2 kobolds
  A quokka (D:2)
  A bat (D:2)
  A frilled lizard (D:1)
  3 rats
15 creatures vanquished.

Notes
Turn   | Place    | Note
-------+----------+-------------------------------------------
     0 | D:1      | Amnesiac the Mummy Air Elementalist began the quest for the Orb.
     0 | D:1      | Reached XP level 1. HP: 13/13 MP: 4/4
   123 | D:1      | Reached skill level 1 in Conjurations
   404 | D:2      | Noticed Sigmund
   420 | D:2      | Noticed an orc wizard
   432 | D:3      | Reached XP level 2. HP: 16/19 MP: 3/5
   442 | D:3      | Noticed a howler monkey
   668 | D:4      | Noticed Pikel
   668 | D:4      | Noticed a slave
   668 | D:4      | Noticed a slave
   668 | D:4      | Noticed a slave
   668 | D:4      | Noticed a slave
   679 | D:3      | You fall through a shaft for 3 floors!
   692 | D:6      | Noticed a black bear
   726 | D:6      | Noticed an ogre
   726 | D:6      | Noticed a centaur
   727 | D:6      | Shot with an arrow by a centaur

Skill      XL: |  1 |
---------------+----+-----
Conjurations   | 1 |  1.8
Dodging        | |  1.5
Stealth        | |  1.5
Spellcasting   | |  2.6
Air Magic      | |  2.7

Action                   || total
-------------------------++-------
Melee: Unarmed           ||     4
 Cast: Shock             ||    26
  Use: Scroll            ||     1
Armor: Robe              ||     6
Dodge: Dodged            ||    17
